 Dungeon Crawl Stone Soup version 0.31.0-12-g77e489cdc1 (webtiles) character file.

Game seed: 4209543980463350273

178 karambola the Chopper (level 5, -3/43 HPs)
             Began as a Gnoll Reaver on Feb 29, 2024.
             Slain by a gnoll
             ... wielding a +0 spear
              (5 damage)
             ... on level 3 of the Dungeon.
             The game lasted 00:05:41 (2421 turns).

karambola the Chopper (Gnoll Reaver)                Turns: 2421, Time: 00:05:41

Health: -3/43      AC:  5    Str: 13    XL:     5   Next: 58%
Magic:  12/12      EV: 11    Int: 13    God:
Gold:   92         SH:  0    Dex: 10    Spells: 13/14 levels left

rFire   . . .        b - +1 flail
rCold   . . .        (no shield)
rNeg    . . .        e - +0 ring mail
rPois   .            (no helmet)
rElec   .            (no cloak)
rCorr   .            (no gloves)
SInv    .            (no boots)
Will    .....        (no amulet)
Stlth   +            (no ring)
HPRegen 0.27/turn    (no ring)
MPRegen 0.13/turn

%: no passive effects
@: no status effects
A: fangs 1, strong nose, distributed training
a: no special abilities


You were on level 3 of the Dungeon.
You visited 1 branch of the dungeon, and saw 3 of its levels.

You collected 92 gold pieces.

Inventory:

Hand Weapons
 b - a +1 flail (weapon)
 f - a +0 dagger of venom
Armour
 e - a +0 ring mail (worn)
Wands
 a - a wand of paralysis (7)
Scrolls
 d - a scroll of noise {unknown}
 g - a scroll of teleportation
 k - a scroll of revelation {unknown}
 l - 3 scrolls of immolation {unknown}
 n - a scroll of enchant weapon
Potions
 c - a potion of heal wounds
 h - a potion of attraction
 i - 2 potions of enlightenment {unknown}
 j - a potion of might {unknown}
 m - a potion of haste {unknown}
 q - 2 potions of curing {unknown}


   Skills:
 + Level 4.8 Fighting
 + Level 1.6 Short Blades
 + Level 1.6 Long Blades
 + Level 6.7 Axes
 + Level 1.6 Maces & Flails
 + Level 1.6 Polearms
 + Level 1.6 Staves
 + Level 1.6 Ranged Weapons
 + Level 1.6 Throwing
 + Level 1.6 Armour
 + Level 4.8 Dodging
 + Level 1.6 Stealth
 + Level 1.6 Shields
 + Level 1.6 Unarmed Combat
 + Level 5.2 Spellcasting
 + Level 5.6 Conjurations
 + Level 1.3 Hexes
 + Level 1.3 Summonings
 + Level 1.3 Necromancy
 + Level 1.3 Translocations
 + Level 1.3 Fire Magic
 + Level 1.3 Ice Magic
 + Level 1.3 Air Magic
 + Level 1.3 Earth Magic
 + Level 1.3 Alchemy
 + Level 1.8 Invocations
 + Level 1.6 Evocations
 + Level 1.4 Shapeshifting


You had 13 spell levels left.
You knew the following spells:

 Your Spells              Type           Power      Damage    Failure   Level
a - Kiss of Death         Conj/Necr      48%        2d9       10%         1

Your spell library contained the following spells:

 Spells                   Type           Power      Damage    Failure   Level
 Momentum Strike          Conj/Tloc      24%        3d8       14%         2
 Hailstorm                Conj/Ice       12%        3d6       28%         3
 Blink                    Tloc           12%        N/A       34%         2
 Lesser Beckoning         Tloc           12%        N/A       34%         2
 Gell's Gravitas          Tloc           6%         N/A       56%         3
 Teleport Other           Tloc           6%         N/A       56%         3


Dungeon Overview and Level Annotations

Branches:
Dungeon (3/15)

Altars:
Qazlal
Ru


Innate Abilities, Weirdness & Mutations

You have very sharp teeth.
Your uncanny sense of smell can sniff out nearby items.
Your experience applies equally to all skills.


Message History

d - a scroll labelled HAYRCH XUPTY
Found 11 gold pieces.
k - a scroll labelled UHEHAM REGOE You now have 92 gold pieces (gained 11).
l - 3 scrolls labelled EREENA IMOY
Found an escape hatch in the floor.
n - a scroll of enchant weapon
q - 2 orange potions (gained 1)
Found 6 stones.
You see here 6 stones.
You open the door. 2 gnolls come into view.
The gnoll shouts! x2; You hear a shout!
The gnoll hits you from afar with a +0 halberd.
A gnoll comes into view. It is wielding a +0 spear.
There is an open door here.
Found 3 gold pieces.
Found a sacrificial altar of Ru.
The gnoll hits you with a +0 halberd. The gnoll barely misses you.
A gnoll comes into view. It is wielding a +0 whip.
The gnoll hits you from afar with a +0 spear.
The gnoll shouts!
You hit the gnoll. You bite the gnoll, but do no damage.
The gnoll is moderately wounded.
The gnoll misses you. The gnoll closely misses you.
The gnoll hits you but does no damage. The gnoll hits you with a +0 halberd.
The gnoll closely misses you.
You hit the gnoll.
The gnoll is lightly wounded.
The gnoll hits you with a +0 spear. The gnoll hits you but does no damage.
The gnoll hits you with a +0 spear.
You closely miss the gnoll.
The gnoll is lightly wounded.
The gnoll barely misses you. x3; The gnoll hits you with a +0 halberd!
The gnoll closely misses you. The gnoll hits you with a +0 spear.
You closely miss the gnoll. You punch the gnoll.
The gnoll is moderately wounded.
The gnoll hits you with a +0 halberd!
* * * LOW HITPOINT WARNING * * *
The gnoll hits you with a +0 spear.
You die...

..(.......#############
####...................
#.####.#####.#######
####.## #.# #.######
......# #.# #......#
####..# #.# ##.###.# #
#..# #.# ♣'♣♣♣+♣ # #..#
#.# ♣.g...♣ # #..# #.#
♣@###.♣ ####>.###.###
♣gg...♣ .............
+g._..+ ####.########
♣.....♣ #.# ♣.###.♣ #.#
♣.. $♣ #.# ♣+♣ ♣ ####.#
.....#########


You could see 4 gnolls.

Vanquished Creatures
  A phantom (D:2)
  2 adders (D:3)
  2 dart slugs
  4 ribbon worms
  6 orcs
  3 endoplasms
  5 giant cockroaches
  2 goblins
  9 hobgoblins
  4 jackals (D:1)
  3 kobolds
  2 quokkas
  2 ball pythons
  7 bats
  2 frilled lizards (D:3)
  8 rats
62 creatures vanquished.

Notes
Turn   | Place    | Note
-------+----------+-------------------------------------------
     0 | D:1      | karambola the Gnoll Reaver began the quest for the Orb.
     0 | D:1      | Reached XP level 1. HP: 20/20 MP: 6/6
   128 | D:1      | Reached XP level 2. HP: 25/26 MP: 7/7
   419 | D:1      | Reached skill level 5 in Spellcasting
   419 | D:1      | Reached XP level 3. HP: 31/31 MP: 7/9
   790 | D:1      | Reached skill level 1 in Invocations
   945 | D:2      | Noticed a phantom
  1299 | D:2      | Reached skill level 1 in Short Blades
  1299 | D:2      | Reached skill level 1 in Long Blades
  1299 | D:2      | Reached skill level 1 in Maces & Flails
  1299 | D:2      | Reached skill level 1 in Polearms
  1299 | D:2      | Reached skill level 1 in Staves
  1299 | D:2      | Reached skill level 1 in Ranged Weapons
  1299 | D:2      | Reached skill level 1 in Throwing
  1299 | D:2      | Reached skill level 1 in Armour
  1299 | D:2      | Reached skill level 1 in Stealth
  1299 | D:2      | Reached skill level 1 in Shields
  1299 | D:2      | Reached skill level 1 in Unarmed Combat
  1299 | D:2      | Reached skill level 1 in Evocations
  1475 | D:2      | Reached skill level 1 in Shapeshifting
  1475 | D:2      | Reached XP level 4. HP: 19/38 MP: 11/11
  1493 | D:2      | Killed a phantom
  1494 | D:2      | Reached skill level 1 in Hexes
  1494 | D:2      | Reached skill level 1 in Summonings
  1494 | D:2      | Reached skill level 1 in Necromancy
  1494 | D:2      | Reached skill level 1 in Translocations
  1494 | D:2      | Reached skill level 1 in Fire Magic
  1494 | D:2      | Reached skill level 1 in Ice Magic
  1494 | D:2      | Reached skill level 1 in Air Magic
  1494 | D:2      | Reached skill level 1 in Earth Magic
  1494 | D:2      | Reached skill level 1 in Alchemy
  1494 | D:2      | Reached XP level 5. HP: 4/43 MP: 12/12
  2147 | D:3      | Found a stormy altar of Qazlal.
  2416 | D:3      | Found a sacrificial altar of Ru.
  2421 | D:3      | HP: 2/43 [gnoll/+0 halberd (12)]
  2421 | D:3      | Slain by a gnoll

Illustrated notes

Levels and vault maps discovered:
D:1:      dpeg_arrival_simpleton_b, layout_loops_ring
D:2:      layout_basic
D:3:      layout_loops_ring, mainiacjoe_overflow_six_doors_small,
          mainiacjoe_overflow_cross_hatched, serial_park_tiny_pond,
          grunt_ministairs_1

Skill      XL: |  1  2  3  4 |
---------------+-------------+-----
Spellcasting   | 5 |  5.2
Invocations    | 1 |  1.8
Short Blades   | 1 |  1.6
Long Blades    | 1 |  1.6
Maces & Flails | 1 |  1.6
Polearms       | 1 |  1.6
Staves         | 1 |  1.6
Ranged Weapons | 1 |  1.6
Throwing       | 1 |  1.6
Armour         | 1 |  1.6
Stealth        | 1 |  1.6
Shields        | 1 |  1.6
Unarmed Combat | 1 |  1.6
Evocations     | 1 |  1.6
Shapeshifting  | 1 |  1.4
Hexes          | 1 |  1.3
Summonings     | 1 |  1.3
Necromancy     | 1 |  1.3
Translocations | 1 |  1.3
Fire Magic     | 1 |  1.3
Ice Magic      | 1 |  1.3
Air Magic      | 1 |  1.3
Earth Magic    | 1 |  1.3
Alchemy        | 1 |  1.3
Fighting       | |  4.8
Axes           | |  6.7
Dodging        | |  4.8
Conjurations   | |  5.6

Action                     |  1- 3 |  4- 6 || total
---------------------------+-------+-------++-------
  Melee: Hand axe          |   123 |    28 ||   151
         Dagger            |    44 |       ||    44
         Bite              |     9 |     4 ||    13
         Flail             |       |    47 ||    47
         Punch             |       |     1 ||     1
    Use: Scroll            |       |     9 ||     9
 Armour: Leather armour    |    26 |       ||    26
         Ring mail         |    69 |    52 ||   121
  Dodge: Dodged            |    93 |    47 ||   140
